 Dungeon Sprint DCSS version bcrawl-1.19.2-6-g6a88ae04c9 (webtiles) character file.

Game seed: 8649810197353507887

203 Freyura the Basher (level 5, -17/51 HPs)
             Began as a Minotaur Fighter on Jan 5, 2020.
             Demolished by an orc knight
             ... wielding a +0 great sword
              (24 damage)
             ... in the Dungeon (Sprint IX: "|||||||||||||||||||||||||||||").
             The game lasted 00:01:47 (133 turns).

Freyura the Basher (Minotaur Fighter)                Turns: 133, Time: 00:01:47

Health: -17/51     AC: 11    Str: 25    XL:     5   Next: 51%
Magic:  4/4        EV: 12    Int:  5    God:
Gold:   0          SH: 11    Dex: 11    Spells: 4/4 levels left

rFire    . . .     SeeInvis .   o - +2 morningstar (crush)
rCold    . . .     Gourm    .   c - +0 shield
rNeg     . . .     Faith    .   b - +0 scale mail
rPois    .         Spirit   .   (helmet restricted)
rElec    .         Reflect  .   (no cloak)
rCorr    .         Harm     .   (no gloves)
MR       .....     NoTele   +   p - +0 pair of boots
Stlth    ..........             (no amulet)
HPRegen  0.17/turn              q - +2 ring of evasion
MPRegen  0.09/turn              r - +2 ring of protection

@: mighty
A: retaliatory headbutt, horns 2
a: no special abilities


You were in the Dungeon.
You were not hungry.

You visited 1 branch

Inventory:

Hand Weapons
 o - a +2 morningstar of crushing (weapon)
Armour
 b - a +0 scale mail (worn)
 c - a +0 shield (worn)
 p - a +0 pair of boots (worn)
Jewellery
 q - a +2 ring of evasion (left hand)
 r - a +2 ring of protection (right hand)
Wands
 n - a wand of acid (10)
Scrolls
 k - 2 scrolls of blinking
 l - 3 scrolls of remove curse
 m - 2 scrolls of amnesia
Potions
 e - 5 potions of curing
 g - 3 potions of heal wounds
 h - a potion of haste
 i - 4 potions of magic
 j - a potion of invisibility
Comestibles
 f - a ration {!d}


   Skills:
 + Level 6.7 Fighting
 * Level 8.4 Maces & Flails
 + Level 6.7 Armour
 + Level 4.8 Dodging
 + Level 6.6 Shields


You had 4 spell levels left.
You didn't know any spells.
Your spell library was empty.

Dungeon Overview and Level Annotations

Branches:
Dungeon (1/1)

Altars:
Cheibriados
Dithmenos
Elyvilon
Fedhas
Gozag
Hepliaklqana
Kikubaaqudgha
Lugonu
Makhleb
Nemelex Xobeh
Okawaru
Qazlal
Ru
Sif Muna
Trog
Uskayaw
Vehumet
Wu Jian
Xom
Yredelemnul
Zin
The Shining One
Beogh
Jiyva


Innate Abilities, Weirdness & Mutations

You reflexively headbutt those who attack you in melee.
You have a pair of horns on your head.


Message History

The crocodile puts on a burst of speed!
The orc knight hits you but does no damage.
You hit the orc knight. You headbutt the orc knight!
The orc knight is moderately wounded.
The orc knight hits you but does no damage.
You closely miss the orc knight.
You headbutt the orc knight, but do no damage.
The orc knight is moderately wounded.
The orc knight hits you with a +0 great sword.
You hit the orc knight but do no damage.
The orc knight is moderately wounded.
The orc knight hits you with a +0 great sword!
You closely miss the orc knight. You headbutt the orc knight!
The orc knight is moderately wounded.
The orc knight hits you with a +0 great sword!!
* * * LOW HITPOINT WARNING * * *
You bludgeon the orc knight!!
The orc knight is severely wounded.
The orc knight hits you with a +0 great sword!!
You die... ▓▓▓▓▓▓▓▓▓▓▓▓▓▓▓▓▓▓▓▓▓▓▓▓ _______'..|).[[.@ocOotZ. ▓▓▓▓▓▓▓▓▓▓▓▓▓▓▓▓▓▓▓▓▓▓▓▓

You could see an orc knight, an orc warrior, a crocodile, an ogre, a centaur and a bat zombie.

Vanquished Creatures
  An ogre (D)
  A wight (D)
  A crimson imp (D)
  A jelly (D)
  An adder (D)
  A dart slug (D)
  A bat (D)
  A goblin (D)
  A frilled lizard (D)
  A rat (D)
10 creatures vanquished.

Vanquished Creatures (others)
  A spatial maelstrom (D)
1 creature vanquished.

Grand Total: 11 creatures vanquished

Notes
Turn   | Place    | Note
-------+----------+-------------------------------------------
     0 | D        | Freyura the Minotaur Fighter began the quest for the Orb.
     0 | D        | Reached XP level 1. HP: 19/19 MP: 0/0
     7 | D        | Reached skill level 3 in Maces & Flails
    11 | D        | Reached skill level 1 in Dodging
    15 | D        | Banished a spatial maelstrom
    20 | D        | Noticed a crimson imp
    20 | D        | Noticed a jelly
    20 | D        | Noticed an ogre
    20 | D        | Noticed a wight
    23 | D        | Reached skill level 4 in Maces & Flails
    23 | D        | Reached XP level 2. HP: 28/28 MP: 1/1
    27 | D        | Killed a crimson imp
    27 | D        | Reached skill level 5 in Maces & Flails
    27 | D        | Reached skill level 5 in Shields
    27 | D        | Reached XP level 3. HP: 35/35 MP: 2/2
    28 | D        | Reached skill level 5 in Fighting
    28 | D        | Reached skill level 6 in Maces & Flails
    28 | D        | Reached skill level 5 in Armour
    28 | D        | Reached XP level 4. HP: 42/42 MP: 3/3
    33 | D        | Killed an ogre
    33 | D        | Reached skill level 7 in Maces & Flails
    33 | D        | Reached XP level 5. HP: 51/51 MP: 4/4
    36 | D        | Reached skill level 8 in Maces & Flails
    42 | D        | Found a roughly hewn altar of Beogh.
    42 | D        | Found a snail-covered altar of Cheibriados.
    42 | D        | Found a shadowy altar of Dithmenos.
    42 | D        | Found a white marble altar of Elyvilon.
    42 | D        | Found a blossoming altar of Fedhas.
    42 | D        | Found an opulent altar of Gozag.
    43 | D        | Found a hazy altar of Hepliaklqana.
    44 | D        | Found a viscous altar of Jiyva.
    45 | D        | Found an ancient bone altar of Kikubaaqudgha.
    46 | D        | Found a corrupted altar of Lugonu.
    47 | D        | Found a burning altar of Makhleb.
    48 | D        | Found a sparkling altar of Nemelex Xobeh.
    49 | D        | Found an iron altar of Okawaru.
    50 | D        | Found a stormy altar of Qazlal.
    51 | D        | Found a sacrificial altar of Ru.
    52 | D        | Found a shimmering blue altar of Sif Muna.
    53 | D        | Found a bloodstained altar of Trog.
    54 | D        | Found a hide-covered altar of Uskayaw.
    55 | D        | Found a radiant altar of Vehumet.
    56 | D        | Found an ornate altar of the Wu Jian Council.
    57 | D        | Found a shimmering altar of Xom.
    58 | D        | Found a basalt altar of Yredelemnul.
    59 | D        | Found a glowing silver altar of Zin.
    60 | D        | Found a glowing golden altar of the Shining One.
   126 | D        | Noticed an orc knight
   126 | D        | Noticed a centaur
   126 | D        | Noticed an ogre
   126 | D        | Noticed an orc warrior
   126 | D        | Noticed a crocodile
   133 | D        | Demolished by an orc knight

Skill      XL: |  1  2  3  4  5 |
---------------+----------------+-----
Maces & Flails | 4 5 6 7 8 |  8.4
Dodging        | 1 2 3 4 |  4.8
Shields        | 4 5 6 |  6.6
Fighting       | 4 5 6 |  6.7
Armour         | 4 5 6 |  6.7

Action                   |  1- 3 |  4- 6 || total
-------------------------+-------+-------++-------
Melee: Flail             |    17 |     7 ||    24
       Headbutt          |     2 |     4 ||     6
       Morningstar       |       |     6 ||     6
  Use: Potion            |     1 |     1 ||     2
Armor: Scale mail        |     3 |     2 ||     5
Dodge: Dodged            |     4 |     1 ||     5
Block: Shield            |     9 |       ||     9
